 Dungeon Crawl Stone Soup version 0.25.1-2-g60ff931df9 (console) character file.

Game seed: 7099292753749541236

34 Colgate the Cudgeler (level 3, 34/34 HPs)
             Began as a Naga Berserker on Aug 10, 2020.
             Was a Believer of Trog.
             Quit the game on level 1 of the Dungeon.
             The game lasted 00:13:00 (783 turns).

Colgate the Cudgeler (Naga Berserker)                Turns: 783, Time: 00:13:01

Health: 34/34      AC:  6    Str: 19    XL:     3   Next: 31%
Magic:  3/3        EV: 14    Int:  7    God:    Trog [**....]
Gold:   19         SH:  0    Dex: 11    Spells: 2/2 levels left

rFire    . . .     SeeInvis +   a - +0 mace
rCold    . . .     Gourm    .   (no shield)
rNeg     . . .     Faith    .   n - +0 leather armour (curse)
rPois    +         Spirit   .   (no helmet)
rElec    .         Reflect  .   (no cloak)
rCorr    .         Harm     .   (no gloves)
MR       .....                  (no barding)
Stlth    +.........             (no amulet)
HPRegen  0.11/turn              g - +4 ring of protection
MPRegen  0.08/turn              o - +4 ring of evasion

@: very slow
A: large, see invisible, deformed body, poison resistance, slowness 2, slow
metabolism 1, spit poison 1, AC +1
a: Spit Poison, Berserk, Trog's Hand, Renounce Religion


You were on level 1 of the Dungeon.
You worshipped Trog.
Trog was pleased with you.
You were not hungry.

You visited 1 branch of the dungeon, and saw 1 of its levels.

You collected 19 gold pieces.

Inventory:

Hand Weapons
 a - a +0 mace (weapon)
 h - a +2 dagger of draining
 i - a +0 dagger of speed
 m - a +0 hunting sling
Missiles
 l - a stone (quivered)
Armour
 b - a +0 animal skin
 n - a cursed +0 leather armour (worn)
 p - a +0 scale mail
Jewellery
 g - a +4 ring of protection (left hand)
 o - a +4 ring of evasion (right hand)
Scrolls
 d - a scroll of identify
 e - 2 scrolls of amnesia
Potions
 j - a potion of lignification {unknown}
 k - a potion of stabbing
Comestibles
 c - 3 rations
 f - a chunk of flesh


   Skills:
 + Level 3.5 Fighting
 + Level 3.5 Maces & Flails
 + Level 1.6 Armour
 + Level 1.9 Dodging


You had 2 spell levels left.
You didn't know any spells.
Your spell library was empty.

Dungeon Overview and Level Annotations

Branches:
Dungeon (1/15)

Altars:


Innate Abilities, Weirdness & Mutations

You cannot wear boots.
Your serpentine skin is tough. (AC +1)
You have supernaturally acute eyesight. (SInv)
Armour fits poorly on your strangely shaped body.
Your system is resistant to poisons. (rPois)
You cover ground very slowly.
You have a slow metabolism.
You can spit poison.


Message History

You butcher the leopard gecko corpse.
f - 3 chunks of flesh (gained 1)
You see here a leopard gecko skeleton. x2
j - a metallic brown potion Some of the chunks of flesh in your inventory have rotted away.
Found a hunting sling.
Found 4 gold pieces.
Found a copper ring.
You see here a hunting sling.
m - a hunting sling You now have 19 gold pieces (gained 4).
o - a copper ring
o - a +4 ring of evasion (right hand)
Found a scale mail.
You see here a scale mail.
p - a scale mail No monsters, items or features are visible.
Search for what [Enter for "d:1", or ? for help]?
Unknown command.
Are you sure you want to abandon this character and quit the game? (Confirm with "yes".)

...........##.........#
............#.........#
......................#
............))........#
......................#
......#..............##
...........#.##.)...##
รทรท.#...###...########
#..........######
...........##...##
..#..##.........@##
.....#............#
.###..............#
..###.............# ..#
##...........##
..####.....##...##
..##.......######
..#........#
...........#
...#...)...#
...........#


There were no monsters in sight!

Vanquished Creatures
  An ooze (D:1)
  A leopard gecko (D:1)
  6 bats (D:1)
  2 giant cockroaches (D:1)
  3 goblins (D:1)
  3 hobgoblins (D:1)
  2 jackals (D:1)
  A frilled lizard (D:1)
  4 kobolds (D:1)
  4 rats (D:1)
27 creatures vanquished.

Notes
Turn   | Place    | Note
-------+----------+-------------------------------------------
     0 | D:1      | Colgate the Naga Berserker began the quest for the Orb.
     0 | D:1      | Reached XP level 1. HP: 21/21 MP: 1/1
    54 | D:1      | Reached XP level 2. HP: 23/28 MP: 2/2
   521 | D:1      | Reached XP level 3. HP: 34/34 MP: 3/3
   539 | D:1      | Reached ** piety under Trog
   783 | D:1      | Quit the game

Illustrated notes

Levels and vault maps discovered:
D:1:      wander_arrival_lonely_grave, layout_rooms

Action                   || total
-------------------------++-------
Melee: Mace              ||    48
Throw: Stone             ||     4
Invok: Berserk           ||     2
 Abil: Spit Poison       ||    17
  Use: Scroll            ||     4
       Potion            ||     1
  Eat: Chunk             ||     2
Armor: Animal skin       ||    15
Dodge: Dodged            ||    28
